 Seeded DCSS version 0.30.1-11-g7821555f0a (webtiles) character file.

Game seed: 430007637681659361 (custom seed)

88 McKennaii the Conjurer (level 4, 33/33 HPs)
             Began as a Demigod Conjurer on Jan 16, 2024.
             Quit the game on level 2 of the Dungeon.
             The game lasted 00:02:01 (1979 turns).

McKennaii the Conjurer (Demigod Conjurer)           Turns: 1979, Time: 00:02:02

Health: 33/33      AC:  4    Str:  8    XL:     4   Next: 9%
Magic:  10/10      EV: 12    Int: 24    God:
Gold:   67         SH:  0    Dex: 12    Spells: 1/8 levels left

rFire   . . .        j - +3 war axe
rCold   . . .        (no shield)
rNeg    . . .        a - +0 robe
rPois   .            p - +0 helmet
rElec   .            (no cloak)
rCorr   .            o - +0 pair of gloves
SInv    .            (no boots)
Will    .....        (no amulet)
Stlth   ++           e - ring of flight
HPRegen 0.25/turn    (no ring)
MPRegen 0.12/turn

%: no passive effects
@: flying
A: high MP 1, forlorn, divine attributes
a: no special abilities


You were on level 2 of the Dungeon.
You visited 1 branch of the dungeon, and saw 2 of its levels.

You collected 67 gold pieces.

Inventory:

Hand Weapons
 j - a +3 war axe (weapon)
Armour
 a - a +0 robe (worn)
 o - a +0 pair of gloves (worn)
 p - a +0 helmet (worn)
Jewellery
 e - a ring of flight (left hand)
Wands
 m - a wand of flame (26)
Scrolls
 c - a scroll of fear {unknown}
 d - 2 scrolls of noise {unknown}
 f - a scroll of brand weapon {unknown}
 g - a scroll of vulnerability {unknown}
 l - a scroll of identify {unknown}
 n - a scroll of acquirement
Potions
 b - a potion of magic
 h - a potion of ambrosia {unknown}
 i - a potion of curing {unknown}
 k - a potion of cancellation {unknown}
 q - a potion of attraction {unknown}


   Skills:
 + Level 0.1 Fighting
 - Level 1.7 Dodging
 - Level 1.7 Stealth
 + Level 2.5 Spellcasting
 + Level 4.8 Conjurations


You had one spell level left.
You knew the following spells:

 Your Spells              Type           Power      Damage    Failure   Level
a - Magic Dart            Conj           100%       1d8       1%          1
b - Searing Ray           Conj           52%        2d6       2%          2
c - Iskenderun's Mystic   Conj/Tloc      14%        2d5       38%         4

Your spell library contained the following spells:

 Spells                   Type           Power      Damage    Failure   Level
 Sandblast                Erth           6%         2d5       12%         1
 Dazzling Flash           Conj/Hex       28%        N/A       13%         3
 Stone Arrow              Conj/Erth      28%        3d8       13%         3
 Passwall                 Tmut/Erth      2%         N/A       17%         2
 Fulminant Prism          Conj/Hex       7%         3d7       38%         4


Dungeon Overview and Level Annotations

Branches:
Dungeon (2/15)


Innate Abilities, Weirdness & Mutations

You have an increased reservoir of magic. (+10% MP)
You shall have no god before yourself.
Your divine heritage dramatically boosts your attributes as you level up.


Message History

A rat is nearby!
The magic dart hits the rat.
You kill the rat!
There is a stone staircase leading up here.
Found an ancient bone altar of Kikubaaqudgha.
You can't see any susceptible monsters within range! (Use Z to cast anyway.)
q - a grey potion You can't see any susceptible monsters within range! (Use Z to cast anyway.)
A goblin comes into view. It is wielding a +0 dagger.
The magic dart hits the goblin.
The goblin is moderately wounded.
The goblin shouts!
A goblin is nearby!
The magic dart hits the goblin.
The goblin is heavily wounded.
A goblin is nearby!
The magic dart hits the goblin.
You kill the goblin!
You see here a +0 dagger.
A quokka comes into view.
The magic dart hits the quokka.
The quokka is almost dead.
A quokka is nearby!
The magic dart hits the quokka.
You kill the quokka!
n - 4 scrolls labelled CYEFEGG KASOI (gained 1)
You see here a quokka corpse.
Done exploring.
You can't see any susceptible monsters within range! (Use Z to cast anyway.) Done exploring.
You can't see any susceptible monsters within range! (Use Z to cast anyway.) Done exploring.
You can't see any susceptible monsters within range! (Use Z to cast anyway.) Done exploring.
You can't see any susceptible monsters within range! (Use Z to cast anyway.) This is a scroll of acquirement!
Something appears at your feet! Something appears at your feet!
Something appears at your feet!
Are you sure you want to abandon this character and quit the game? (Confirm with "yes".)

)...# #.#..######.........#
#...
....###.##...##...####....#
#... ........####....###
#....# #... ...######
##..## ###.## #... ....#
##...# #.# #(.. ....#
#..#.# #.# #... ....#
###.##.# #.# ##.. ....#
###...##.##### #.# ##.
....# ##...####.@...####.##
## ...####..###
#####.......# ..####..##
####.##.# ### #..## ##.##.#
##.## #..##.## ####..#
#.###..## .....##
#########.# ##..# ######
#.........# ##.#
##.#############.#####


There were no monsters in sight!

Vanquished Creatures
  Terence (D:2)
  2 adders (D:2)
  A dart slug (D:1)
  2 endoplasms
  4 giant cockroaches
  3 goblins
  5 hobgoblins
  3 quokkas
  8 ball pythons
  8 bats
  A frilled lizard (D:1)
  A kobold (D:1)
  5 rats
44 creatures vanquished.

Notes
Turn   | Place    | Note
-------+----------+-------------------------------------------
     0 | D:1      | McKennaii the Demigod Conjurer began the quest for the Orb.
     0 | D:1      | Reached XP level 1. HP: 14/14 MP: 5/5
   272 | D:1      | Reached skill level 4 in Conjurations
   329 | D:1      | Reached XP level 2. HP: 16/20 MP: 0/7
  1228 | D:2      | Reached XP level 3. HP: 24/26 MP: 3/8
  1281 | D:2      | Noticed Terence
  1305 | D:1      | Learned a level 2 spell: Searing Ray
  1322 | D:2      | HP: 1/26 [Terence/+0 hand axe of electrocution (15)]
  1323 | D:2      | Killed Terence
  1561 | D:2      | Reached XP level 4. HP: 33/33 MP: 8/10
  1566 | D:2      | Learned a level 4 spell: Iskenderun's Mystic Blast
  1976 | D:2      | Identified 4 scrolls of acquirement
  1976 | D:2      | Acquired 1116 gold pieces
  1977 | D:2      | Acquired the ring "Geuluatt" {rPois Will+++ Str-5 SInv
                  | Stlth+}
  1978 | D:2      | Acquired the amulet "Lisorpheo" {RegenMP rElec rN+ Dex-5}
  1979 | D:2      | Quit the game

Illustrated notes

Levels and vault maps discovered:
D:1:      wander_arrival_chamber, layout_basic, kennysheep_boxes
D:2:      layout_rooms, dilly_ecumenical_altar_fadedgnrine, basic_altar,
          uniq_terence

Skill      XL: |  1  2 |
---------------+-------+-----
Conjurations   | 4 |  4.8
Spellcasting   | 2 |  2.5
Fighting       | |  0.1
Dodging        | |  1.7
Stealth        | |  1.7

Action                     |  1- 3 |  4- 6 || total
---------------------------+-------+-------++-------
  Melee: War axe           |     3 |       ||     3
   Cast: Magic Dart        |    77 |    12 ||    89
         Searing Ray       |     1 |       ||     1
    Use: Scroll            |       |     3 ||     3
  Dodge: Dodged            |    13 |     2 ||    15
